 Dungeon Crawl Stone Soup version 0.31.0-11-ge490571c62 (webtiles) character file.

Game seed: 8995834229625564860

6614369 nightchill the Conqueror (level 27, 176/273 HPs)
             Began as a Minotaur Fighter on Feb 5, 2024.
             Was an Elder of Zin.
             Escaped with the Orb
             ... and 10 runes on Feb 8, 2024!
             The game lasted 07:48:35 (115705 turns).

nightchill the Conqueror (Minotaur Fighter)       Turns: 115705, Time: 07:48:36

Health: 176/273    AC: 48    Str: 46    XL:     27
Magic:  28/39      EV: 21    Int: 22    God:    Zin [****..]
Gold:   7137       SH: 32    Dex: 27    Spells: 23/31 levels left

rFire   + + .        a - +7 broad axe of Descent {holy, Int+2}
rCold   + . .        u - +4 tower shield {rPois}
rNeg    + + .        X - +8 orange crystal plate armour {Archmagi, Int+3 Clar}
rPois   ∞            W - -2 hat "Oqeoxuin" {rElec}
rElec   +            M - +4 dragonskin cloak
rCorr   +            j - +1 pair of gloves of Dustrine {rC+}
SInv    .            D - +0 pair of boots of Space {rF+ rN+ Dex+2}
Will    +++..        x - amulet "Eblenos" {Faith rN+ rCorr Str+4 Slay+2} Stlth
                     B - ring "Otenwurch" {Will+ Dex+6}
HPRegen 0.65/turn    H - ring "Beyna" {Wiz ^Drain +Blink rF+ Int+3}
MPRegen 0.26/turn

%: clarity, faith, wizardry (x1), archmagi
@: vitalised, hasted, studying 3 skills, very quick
A: horns 2, retaliatory headbutt, weak 1
0: Orb of Zot
}: 10/15 runes: barnacled, slimy, silver, abyssal, demonic, glowing, magical,
fiery, dark, gossamer
a: Renounce Religion, Evoke Blink, Recite, Vitalisation, Imprison, Donate Gold


You escaped.
You worshipped Zin.
Zin was greatly pleased with you.
You visited 13 branches of the dungeon, and saw 57 of its levels.
You visited Pandemonium 1 time, and saw 11 of its levels.
You visited the Abyss 5 times.
You visited 1 bazaar.
You visited 1 ziggurat, and saw 10 of its levels.
You also visited: Ossuary.

You collected 12229 gold pieces.
You spent 4046 gold pieces at shops.
You donated 1046 gold pieces to Zin.

Inventory:

Hand Weapons
 a - the +7 broad axe of Descent (weapon) {holy, Int+2}
   (You found it on level 5 of the Pits of Slime)

   Int+2:     It affects your intelligence (+2).
 b - a +9 broad axe of freezing
Missiles
 i - 17 silver javelins
 t - 2 throwing nets (quivered)
 I - 60 poisoned darts
 S - 9 darts of dispersal
 T - 18 curare-tipped darts
Armour
 j - the +1 pair of gloves of Dustrine (worn) {rC+}
   (You found it on level 6 of a ziggurat)

   rC+:       It protects you from cold.
 u - a +4 tower shield of poison resistance (worn)
 D - the +0 pair of boots of Space (worn) {rF+ rN+ Dex+2}
   (You found it on level 4 of the Lair of Beasts)

   Dex+2:     It affects your dexterity (+2).
   rF+:       It protects you from fire.
   rN+:       It protects you from negative energy.
 M - the +4 dragonskin cloak (worn)
   (You took it off Tiamat on level 3 of the Realm of Zot)

   Avatar's Aegis: It grants the wearer a chance to resist fire, cold, poison,
   electricity, acid, and negative energy.
 W - the -2 hat "Oqeoxuin" (worn) {rElec}
   (You found it on level 2 of the Realm of Zot)

   rElec:     It insulates you from electricity.
 X - the +8 orange crystal plate armour (worn) {Archmagi, Int+3 Clar}
   (You found it on level 5 of the Vaults)

   Int+3:     It affects your intelligence (+3).
   Clar:      It protects you from confusion, rage, mesmerisation and fear.
Jewellery
 h - the ring of Liberty {rC+ EV+5}
   (You took it off a balrug in Pandemonium)

   [ring of evasion]

   EV+5:      It affects your evasion (+5).
   rC+:       It protects you from cold.
 o - the ring "Boabbeva" {Fly rPois Str+8 Dex+3}
   (You acquired it on level 3 of the Shoals)

   [ring of flight]

   Str+8:     It affects your strength (+8).
   Dex+3:     It affects your dexterity (+3).
   rPois:     It protects you from poison Fly: It grants you flight.
 x - the amulet "Eblenos" (around neck) {Faith rN+ rCorr Str+4 Slay+2}
   (You found it on level 9 of a ziggurat)

   [amulet of faith]

   Faith:     It allows you to gain divine favour quickly.
   Str+4:     It affects your strength (+4).
   Slay+2:    It affects your accuracy & damage with ranged weapons and melee
   (+2).
   rN+:       It protects you from negative energy.
   rCorr:     It protects you from acid and corrosion.
 B - the ring "Otenwurch" (left hand) {Will+ Dex+6}
   (You found it on level 9 of a ziggurat)

   [ring of dexterity]

   Dex+6:     It affects your dexterity (+6).
   Will+:     It increases your willpower.
 F - a ring of positive energy
 G - the amulet "Gakk" {RegenMP Will+}
   (You bought it in a shop on level 2 of the Elven Halls)

   [amulet of magic regeneration]

   RegenMP:   It increases your rate of magic regeneration.
   Will+:     It increases your willpower.
 H - the ring "Beyna" (right hand) {Wiz ^Drain +Blink rF+ Int+3}
   (You took it off a vampire knight on level 2 of the Depths)

   [ring of wizardry]

   Wiz:       It improves your spell success rate.
   Int+3:     It affects your intelligence (+3).
   rF+:       It protects you from fire.
   +Blink:    It lets you blink.
   ^Drain:    It drains your maximum health when unequipped.
 P - the ring "Voyvvaol" {rElec MP-9 Str+8 Int-2 SInv}
   (You bought it in a shop on level 2 of the Shoals)

   [ring of see invisible]

   Str+8:     It affects your strength (+8).
   Int-2:     It affects your intelligence (-2).
   rElec:     It insulates you from electricity.
   MP-9:      It affects your magic capacity (-9).
   SInv:      It lets you see invisible.
 Y - a ring of protection from fire
Wands
 k - a wand of digging (34)
 q - a wand of charming (51)
 Z - a wand of iceblast (74)
Scrolls
 l - 12 scrolls of noise
 m - 11 scrolls of vulnerability
 s - 4 scrolls of blinking
 v - 18 scrolls of teleportation
 C - 9 scrolls of silence
 E - 16 scrolls of fear
 L - 19 scrolls of fog
 N - 3 scrolls of butterflies
Potions
 c - 5 potions of magic
 d - 4 potions of might
 e - 12 potions of enlightenment
 g - 9 potions of invisibility
 r - 4 potions of berserk rage
 z - 6 potions of resistance
 J - 5 potions of heal wounds
 K - 28 potions of curing
 O - 13 potions of mutation
 Q - 4 potions of cancellation
 U - 2 potions of ambrosia
 V - 2 potions of attraction
Miscellaneous
 f - a phantom mirror
 p - a lightning rod (4/4)
 w - a phial of floods
 y - a sack of spiders


   Skills:
 O Level 27 Fighting
 - Level 18.0 Axes
 - Level 6.0 Throwing
 O Level 27 Armour
 + Level 14.6 Dodging
 O Level 27 Shields
 + Level 2.9 Spellcasting
 * Level 7.0 Translocations
 * Level 2.0 Air Magic
 O Level 27 Invocations
 - Level 22.6 Evocations


You had 23 spell levels left.
You knew the following spells:

 Your Spells              Type           Power      Damage    Failure   Level
a - Manifold Assault      Tloc           51%        N/A       9%          4
b - Vhi's Electric Charg  Tloc/Air       70%        N/A       22%         4

Your spell library contained the following spells:

 Spells                   Type           Power      Damage    Failure   Level
 Blink                    Tloc           100%       N/A       1%          2
 Lesser Beckoning         Tloc           100%       N/A       1%          2
 Gell's Gravitas          Tloc           51%        N/A       2%          3
 Teleport Other           Tloc           51%        N/A       2%          3
 Momentum Strike          Conj/Tloc      56%        3d9       5%          2
 Shock                    Conj/Air       44%        1d5       10%         1
 Volatile Blastmotes      Fire/Tloc      56%        2d14      11%         3
 Foxfire                  Conj/Fire      16%        2x1d4     16%         1
 Magic Dart               Conj           16%        1d3       16%         1
 Slow                     Hex            16%        N/A       16%         1
 Sting                    Conj/Alch      16%        1d4       16%         1
 Summon Small Mammal      Summ           16%        N/A       16%         1
 Cigotuvi's Dreadful Rot  Necr/Alch/Air  18%        N/A       16%         2
 Mercury Vapours          Alch/Air       22%        N/A       16%         2
 Swiftness                Air            18%        N/A       19%         3
 Call Imp                 Summ           8%         N/A       22%         2
 Ensorcelled Hibernation  Hex/Ice        8%         N/A       22%         2
 Jinxbite                 Hex            8%         N/A       22%         2
 Scorch                   Fire           8%         2d5       22%         2
 Searing Ray              Conj           8%         2d4       22%         2
 Sublimation of Blood     Necr           4%         N/A       22%         2
 Mephitic Cloud           Conj/Alch/Air  9%         N/A       32%         3
 Dimensional Bullseye     Hex/Tloc       14%        N/A       32%         4
 Iskenderun's Mystic Bla  Conj/Tloc      28%        2d7       32%         4
 Call Canine Familiar     Summ           4%         N/A       41%         3
 Confusing Touch          Hex            4%         N/A       41%         3
 Dazzling Flash           Conj/Hex       8%         N/A       41%         3
 Frozen Ramparts          Ice            8%         1d2       41%         3
 Fugue of the Fallen      Necr           4%         N/A       41%         3
 Hailstorm                Conj/Ice       4%         3d5       41%         3
 Inner Flame              Hex/Fire       4%         N/A       41%         3
 Ozocubu's Armour         Ice            4%         N/A       41%         3
 Passwall                 Erth           4%         N/A       41%         3
 Sigil of Binding         Hex            4%         N/A       41%         3
 Stone Arrow              Conj/Erth      8%         3d7       41%         3
 Vampiric Draining        Necr           4%         2d6       41%         3
 Airstrike                Air            9%         2d(2-18)  50%         4
 Summon Lightning Spire   Summ/Air       11%        N/A       65%         4
 Summon Forest            Summ/Tloc      14%        N/A       65%         5
 Dispersal                Tloc           25%        N/A       75%         6
 Anguish                  Hex/Necr       2%         N/A       80%         4
 Animate Armour           Summ/Erth      8%         N/A       80%         4
 Brom's Barrelling Bould  Conj/Erth      4%         2d3       80%         4
 Cause Fear               Hex            2%         N/A       80%         4
 Flame Wave               Conj/Fire      4%         2d5       80%         4
 Fulminant Prism          Conj/Alch      2%         3d5       80%         4
 Ignite Poison            Fire/Alch      4%         N/A       80%         4
 Leda's Liquefaction      Alch/Erth      2%         N/A       80%         4
 Martyr's Knell           Necr/Summ      4%         N/A       80%         4
 Olgreb's Toxic Radiance  Alch           4%         N/A       80%         4
 Petrify                  Alch/Erth      4%         N/A       80%         4
 Sticky Flame             Fire/Alch      4%         2d4       80%         4
 Summon Blazeheart Golem  Fire/Summ      4%         N/A       80%         4
 Arcjolt                  Conj/Air       5%         1d15      92%         5
 Freezing Cloud           Conj/Ice/Air   4%         6-21      95%         5
 Alistair's Intoxication  Alch           2%         N/A       98%         5
 Borgnjor's Vile Clutch   Necr/Erth      2%         N/A       98%         5
 Fireball                 Conj/Fire      2%         3d4       98%         5
 Irradiate                Conj/Alch      2%         3d12      98%         5
 Iskenderun's Battlesphe  Conj           4%         2d6       98%         5
 Lee's Rapid Deconstruct  Erth           2%         3d4*      98%         5
 Metabolic Englaciation   Hex/Ice        2%         N/A       98%         5
 Summon Mana Viper        Hex/Summ       4%         N/A       98%         5
 Yara's Violent Unravell  Hex/Alch       2%         3d3       98%         5
 Bombard                  Conj/Erth      2%         9d1       100%        6
 Conjure Ball Lightning   Conj/Air       5%         3x3d6     100%        6
 Eringya's Noxious Bog    Alch           2%         4d6       100%        6
 Plasma Beam              Fire/Air       5%         2x1d16    100%        6
 Sculpt Simulacrum        Ice/Alch       2%         N/A       100%        6
 Starburst                Conj/Fire      2%         6d3       100%        6
 Summon Cactus Giant      Summ           2%         N/A       100%        6
 Enfeeble                 Hex            2%         N/A       100%        7
 Malign Gateway           Summ/Tloc      14%        N/A       100%        7
 Orb of Destruction       Conj           2%         9d5       100%        7
 Ozocubu's Refrigeration  Ice            2%         4d7       100%        7
 Spellforged Servitor     Conj/Summ      2%         N/A       100%        7
 Summon Hydra             Summ           2%         N/A       100%        7
 Discord                  Hex            2%         N/A       100%        8
 Disjunction              Tloc           25%        N/A       100%        8
 Lehudib's Crystal Spear  Conj/Erth      2%         10d2      100%        8
 Maxwell's Capacitive Co  Air            9%         ∞         100%        8
 Polar Vortex             Ice            2%         N/A       100%        9


Dungeon Overview and Level Annotations

Branches:
Dungeon (15/15)            Temple (1/1) D:5            Lair (5/5) D:8
 Shoals (4/4) Lair:3       Spider (4/4) Lair:3        Slime (5/5) Lair:4
    Orc (2/2) D:12            Elf (3/3) Orc:2        Vaults (5/5) D:14
  Crypt (3/3) Vaults:2       Tomb (0/3) Crypt:3      Depths (4/4) D:15
   Hell (visited)             Dis (0/7) Hell            Geh (0/7) Hell
    Coc (0/7) Hell            Tar (0/7) Hell            Zot (5/5) Depths:4
Ossuary (visited)

Altars:
Ashenzari
Cheibriados
Dithmenos
Elyvilon
Fedhas
Gozag
Hepliaklqana
Kikubaaqudgha
Makhleb
Nemelex Xobeh
Okawaru
Qazlal
Ru
Sif Muna
Uskayaw
Vehumet
Wu Jian
Xom
Yredelemnul
Zin
The Shining One
Jiyva

Shops:
D:8 :   Orc:1 [   Orc:2 =(((:(   Elf:1 [   Elf:2 :=:   Elf:3 *([   Shoals:1 *
Shoals:2 =   Shoals:3 (   Vaults:1 (   Vaults:4 :   Vaults:5 !

Portals:
Hell: Lair:5 Depths:1 Depths:2 Depths:3 Depths:4
Abyss: Depths:2 Depths:3
Pandemonium: Depths:2

Annotations:
D:8 exclusion: moth of wrath
D:10 exclusion: downstairs
Lair:2 exclusion: downstairs
Lair:5 2 exclusions
Shoals:3 exclusion: downstairs
Spider:1 exclusion: downstairs, Roxanne
Elf:2 exclusion: downstairs
Vaults:1 exclusion: downstairs
Depths:1 !be careful slow, 1 exclusion
Depths:2 exclusion: downstairs
Zot:2 exclusion: downstairs
Zot:5 2 transporters, MrCrawl's ghost, master MiBe


Innate Abilities, Weirdness & Mutations

You have a pair of horns on your head.
You reflexively headbutt those who attack you in melee.
You are weak. (Str -2)


Message History

You climb upwards.
There is a stone staircase leading down here.
Your divine stamina fades away.
Zin grants you divine stamina.
There is a stone staircase leading up here.
You climb upwards.
There is a stone staircase leading down here.
You see here a +0 scale mail.
A tormentor comes into view.
Aiming: Imprison (0% risk of failure)
Press: ? - help, Dir - move target, f - tormentor
Aim: a tormentor Zin imprisons the tormentor with walls of pure silver!
The tormentor moves out of view.
An Orb Guardian comes into view.
You hear a deep rumble.
You feel yourself speed up.
A Heop, a Brimstone Fiend, an Ice Fiend and an ufetubus come into view.
Press: ? - help, v - describe, . - travel
Here: Heop, armed with an antimagic touch The floor.
Aiming: Imprison (0% risk of failure)
Press: ? - help, Dir - move target, f - Heop
Aim: Heop, armed with an antimagic touch Zin imprisons Heop with walls of pure silver!
The Brimstone Fiend roars!
The Ice Fiend roars!
The ufetubus shouts!
Heop moves out of view.
The ufetubus attacks as it pursues you! You block the ufetubus's attack. x2
The Ice Fiend gestures at you. The bolt of cold hits you! You resist.
The Brimstone Fiend calls on the powers of darkness!
The Orb Guardian convulses!
Your body is wracked with pain!
There is an open door here.
Activating: Sanctuary (0% risk of failure)
Press: ? - help, Dir - look around, f - activate You hear a choir sing!
The monsters scatter in all directions!
You can no longer call upon Zin to create a sanctuary.
There is a staircase leading out of the dungeon here.
You have escaped!

..............51....X..........##
####........###..#####.#....#....
# #........#♣♣.1♣♣ #......##.## #
#...####+#....#♣♣###..#X.....# #
#...# #......#&♣~♣##.#....... #
##### ##..♣#'####~♣♣#......... #
#..♣##.##.~~~♣#.#.#.##.# #
♣♣♣♣#...#.~~~♣#.#.#.##.# #
######..@#~~~~~#...#.##.#
#....'..##~.8~~#.#.#.....
#..######.~8~~~#.#.#.##.#
#''#♣.....~~.~~#.#.#.....
#..#♣......~~~♣#.........
#..#.(#'###~~~♣#...####.#
#..#..#.#<#~~~♣#.........
####..#.#+#~~♣♣###.......
♣....♣#...##~♣ #####.....


There were no monsters in sight!

Vanquished Creatures
  Cerebov (Pan)
  5 pandemonium lords (Pan)
  Mnoleg (Pan)
  the Royal Jelly (Slime:5)
  Gloorx Vloq (Pan)
  4 dread liches
  3 ancient liches (Zot:5)
  Tiamat (Zot:3)
  5 orbs of fire (Zot:5)
  A juggernaut (Depths:2)
  The ghost of wilo the Conqueror, a master MfBe of Trog (Zot:2)
  Xtahua (Crypt:2)
  Bai Suzhen (Elf:3)
  3 Killer Klowns
  2 caustic shrikes (Depths:2)
  Geryon (Hell)
  2 curse toes
  Saint Roka (Orc:2)
  16 golden dragons
  2 profane servitors (Abyss:3)
  A bone dragon (Abyss:4)
  3 Tzitzimimeh (Pan)
  3 Brimstone Fiends
  6 doom hounds
  2 electric golems
  2 hellephants
  7 Hell Sentinels
  An Ice Fiend (Zot:4)
  22 tentacled monstrosities
  11 liches
  A shard shrike skeleton (Abyss:2)
  A walking crystal tome (Depths:2)
  26 Orb Guardians (Zot:5)
  6 quicksilver dragons
  4 deep elf master archers (Elf:3)
  13 titans
  Murray (Hell)
  4 deep elf blademasters
  17 acid blobs
  9 death cobs
  6 sphinxes
  4 ancient champions
  A walking divine tome (Depths:2)
  Polyphemus (Shoals:4)
  21 Executioners
  13 tentacled starspawn
  A thorn hunter (Zig:5)
  Kirke (Lair:4)
  An eldritch tentacle (Pan)
  9 tengu reavers
  8 azure jellies
  18 shadow dragons
  A nagaraja (Zig:9)
  3 revenants
  4 draconian knights
  Donald (Shoals:4)
  12 demonspawn warmongers (Pan)
  A daeva (Abyss:3)
  6 draconian monks
  14 rockslimes
  14 storm dragons
  A fenstrider witch (Zig:5)
  An iron dragon (Vaults:4)
  8 protean progenitors
  18 fire giants
  Ilsuiw (Shoals:4)
  8 deep elf sorcerers
  14 emperor scorpions
  5 deep elf elementalists (Elf:3)
  22 balrugs
  10 frost giants
  4 draconian shifters
  A caustic shrike zombie (Crypt:3)
  15 vault wardens
  3 draconian stormcallers
  Louise (Spider:1)
  4 orc warlords
  9 ghost moths
  4 curse skulls
  3 draconian scorchers
  An angel (Abyss:3)
  8 draconian annihilators
  A juggernaut zombie (Abyss:3)
  13 cacodemons
  A ghoul (Crypt:1)
  3 broodmothers (Spider:3)
  10 demonspawn blood saints (Pan)
  23 reapers
  5 demonspawn corrupters (Pan)
  10 quicksilver oozes
  A juggernaut skeleton (Pan)
  21 stone giants
  8 formless jellyfish
  9 vampire knights
  35 very ugly things
  13 ironbound preservers
  8 ironbound thunderhulks
  5 deep elf demonologists
  5 caustic shrike skeletons
  7 deep elf death magi
  5 green draconians
  7 black draconians
  10 demonspawn black suns (Pan)
  4 war gargoyles
  8 lorocyprocas
  12 white draconians
  12 dire elephants
  4 bunyips (Pan)
  7 spark wasps
  9 purple draconians
  A putrid mouth (Depths:4)
  3 red draconians
  9 deep elf annihilators
  11 blizzard demons
  5 yellow draconians
  A bunyip (shapeshifter) (Vaults:5)
  Snorg (Orc:2)
  Azrael (Elf:1)
  8 entropy weavers
  An iron golem (Hell)
  6 jiangshi
  11 ettins
  8 eidola
  A mummy priest (Crypt:3)
  9 merfolk impalers
  8 merfolk javelineers (Shoals:4)
  13 green deaths
  6 deep elf high priests
  18 yaktaur captains
  30 vault guards
  A quicksilver dragon skeleton (Crypt:2)
  5 rakshasas
  12 great orbs of eyes
  2 spriggan zombies
  4 salamander tyrants (Zig:9)
  15 ice dragons
  A peacekeeper (Vaults:1)
  3 spriggan air magi
  5 boulder beetles
  3 merfolk avatars
  A ghost crab (Zig:5)
  11 fire dragons
  3 death knights
  9 hydras
  2 spriggan skeletons
  14 ironbound frosthearts
  An anaconda (Zig:9)
  2 ogre magi
  Erolcha (D:10)
  A catoblepas (Shoals:4)
  20 centaur warriors
  3 radroaches
  7 hell beasts
  The ghost of kernmantle the Covert, a journeyman OpWn of Vehumet (Orc:1)
  3 merfolk aquamancers
  An alligator snapping turtle (Shoals:4)
  7 two-headed ogres
  4 tengu warriors
  2 naga warriors
  32 dancing weapons
  3 satyrs
  A death scarab (Zig:8)
  9 deep troll shamans
  11 death yaks
  11 hell hogs
  11 vampire magi
  4 spriggan berserkers (Depths:2)
  8 deep troll earth magi
  12 thrashing horrors (Abyss:3)
  Urug (Lair:4)
  A titan zombie (Vaults:4)
  29 demonic crawlers
  4 orc high priests
  A storm dragon zombie (Crypt:3)
  6 wretched stars
  2 hellephant skeletons (Pan)
  14 deep elf knights
  35 soul eaters
  3 fire crabs
  71 sun demons
  7 skysharks
  Sonja (Orc:1)
  Nergalle (Lair:2)
  A fire crab (shapeshifter) (D:13)
  7 iron trolls
  34 hell knights
  2 bunyip zombies (Crypt:3)
  9 skeletal warriors
  16 pharaoh ants
  2 spatial maelstroms
  45 deep trolls
  A spriggan druid (Zig:5)
  25 sixfirhies
  A death drake (Abyss:3)
  7 sea snakes
  12 sun moths
  A glowing orange brain (shapeshifter) (Vaults:5)
  57 large abominations
  2 swamp dragons (Zig:5)
  2 obsidian statues
  A shadow dragon zombie (Hell)
  2 naga ritualists (Zig:9)
  12 flayed ghosts
  19 shadow demons
  7 arcanists
  5 glowing orange brains
  9 orb spiders
  10 deep elf archers
  3 anaconda zombies
  A mana viper (Zig:9)
  18 phantasmal warriors
  9 steelbarb worms
  2 anaconda skeletons
  29 deep elf pyromancers
  19 deep elf zephyrmancers
  24 ironbound convokers
  7 harpies
  31 necromancers
  2 steelbarb worms (shapeshifter)
  7 lindwurms
  12 orc knights
  7 orc sorcerers
  13 starcursed masses
  4 fauns
  A faun (shapeshifter) (Vaults:5)
  2 stone giant zombies (Crypt:3)
  23 wolf spiders
  2 worldbinders
  A salamander (shapeshifter) (Elf:3)
  8 shining eyes
  A frost giant zombie (Vaults:3)
  35 ugly things
  15 manticores
  7 cyclopes
  2 will-o-the-wisps (Abyss:3)
  A jorogumo skeleton (Crypt:2)
  A guardian serpent (Abyss:3)
  2 alligator skeletons
  A stone giant skeleton (Crypt:3)
  2 kobold blastminers
  28 moths of wrath
  5 centaur zombies
  15 meliai
  An elf zombie (Vaults:3)
  7 rust devils
  A meliai (shapeshifter) (Elf:3)
  A dire elephant zombie (Crypt:3)
  8 black mambas
  6 merfolk sirens
  23 vault sentinels
  A naga mage (Zig:9)
  3 eyes of devastation (Slime:5)
  An eye of devastation (shapeshifter) (Depths:1)
  11 cane toads
  3 molten gargoyles (Hell)
  47 smoke demons
  5 water nymphs
  4 torpor snails
  An eleionoma skeleton (Crypt:1)
  2 gargoyles (D:11)
  12 orange demons
  A water nymph (shapeshifter) (Depths:4)
  An alligator snapping turtle zombie (Crypt:3)
  A centaur skeleton (Crypt:3)
  3 dire elephant skeletons
  19 hellions
  4 rime drakes
  48 yaktaurs
  An unseen horror (Abyss:2)
  9 freezing wraiths
  An alligator snapping turtle skeleton (Crypt:3)
  3 sea snake zombies (Hell)
  3 tengu conjurers (Depths:2)
  13 efreet
  A rime drake (shapeshifter) (Abyss:3)
  6 tormentors
  An anaconda simulacrum (Hell)
  8 ancient zymes
  9 red devils
  15 komodo dragons
  A yaktaur skeleton (Vaults:4)
  9 ice devils
  A merfolk (shapeshifter) (Vaults:5)
  5 guardian mummies
  A bloated husk (Zig:5)
  10 trolls
  11 wind drakes
  3 hydra zombies (Hell)
  5 polar bears
  A sun moth zombie (Crypt:1)
  25 hellwings
  3 hornets
  A troll (shapeshifter) (D:14)
  17 tarantellas
  27 merfolk
  2 saltlings (Vaults:1)
  27 blink frogs
  A harpy skeleton (Abyss:3)
  7 meliai zombies
  6 snapping turtles
  A moth of wrath zombie (Crypt:1)
  18 raiju
  2 glass eyes
  A guardian serpent zombie (Crypt:2)
  2 ice dragon zombies (Crypt:3)
  46 slime creatures
  A snapping turtle (shapeshifter) (Vaults:5)
  3 ettin zombies
  3 air elementals
  22 culicivoras
  26 jumping spiders
  3 shadows
  A centaur simulacrum (D:15)
  22 water elementals
  A naga simulacrum (Hell)
  54 ynoxinuls
  12 wraiths
  67 yaks
  A yak (shapeshifter) (D:13)
  4 vampires (D:10)
  5 basilisks
  19 neqoxecs
  8 wargs
  5 wyverns
  9 golden eyes
  4 hogs (Lair:4)
  An alligator snapping turtle simulacrum (Hell)
  80 redbacks
  4 fire elementals (Elf:1)
  8 fire bats
  2 steam dragons
  8 spatial vortices
  4 vampire mosquitoes (D:13)
  21 chaos spawn
  Menkaure (D:5)
  A death yak simulacrum (Lair:2)
  The ghost of Yehuk the Trooper, an amateur GrMo (D:4)
  2 nagas (Zig:9)
  A swamp worm (shapeshifter) (Vaults:5)
  2 naga zombies (Crypt:3)
  26 water moccasins
  19 hell hounds
  2 acid dragons (D:12)
  37 orc warriors
  2 sky beasts
  An ice beast (D:6)
  A black bear (D:5)
  A hornet zombie (D:6)
  19 laughing skulls
  2 swamp dragon zombies (Crypt:2)
  A meliai simulacrum (D:15)
  11 ogres
  33 wolves
  A lindwurm skeleton (Crypt:2)
  21 small abominations
  6 centaurs
  6 phantoms
  5 kobold brigands
  3 weeping skulls
  Blork the orc (D:4)
  4 earth elementals
  6 brain worms (Pan)
  12 bullfrogs
  3 wyvern zombies
  A glowing shapeshifter simulacrum (Vaults:4)
  3 necrophages (D:6)
  4 gnoll sergeants (D:10)
  6 scorpions (D:5)
  3 water moccasin zombies (Ossuary)
  A burial acolyte (Ossuary)
  7 wyvern skeletons (Crypt:3)
  17 wights
  A shapeshifter zombie (Crypt:1)
  9 killer bees
  2 howler monkeys
  3 electric eels
  2 bullfrog zombies (D:6)
  2 quasits (Abyss:3)
  6 human zombies
  7 hounds
  2 jellies
  3 gnoll boudas (D:10)
  28 orc priests
  5 iguanas
  21 orc wizards
  16 hell rats
  3 human skeletons (Crypt:1)
  2 wolf simulacra (Lair:2)
  An ogre zombie (Crypt:1)
  2 crocodile zombies (Ossuary)
  A naga skeleton (Crypt:2)
  4 mummies
  A howler monkey zombie (D:6)
  32 gnolls
  A river rat (D:4)
  11 adders
  3 shadow imps
  4 white imps
  5 ufetubi (Abyss:3)
  7 adder zombies (Ossuary)
  4 dart slugs
  2 ribbon worms
  52 orcs
  3 ball pythons
  6 endoplasms
  4 giant cockroaches
  12 goblins
  12 hobgoblins
  9 jackals
  8 quokkas
  8 bats
  3 frilled lizards
  5 gnoll zombies (Ossuary)
  A jackal zombie (Ossuary)
  29 kobolds
  A kobold skeleton (Crypt:2)
  5 orc zombies (Ossuary)
  A quokka skeleton (Crypt:1)
  9 rats
  A rat zombie (Crypt:2)
  A river rat skeleton (Crypt:1)
  2 aspiring fleshes (Zot:2)
  3 lurking horrors
  8 starspawn tentacles
3493 creatures vanquished.

Vanquished Creatures (collateral kills)
  A quicksilver ooze (Slime:5)
  A deep elf death mage (Elf:3)
  A large abomination (Pan)
  A deep elf zephyrmancer (Elf:3)
  A ynoxinul (Pan)
5 creatures vanquished.

Vanquished Creatures (others)
  An Executioner (Pan)
  A draconian monk (Zot:2)
  A draconian knight (Zot:2)
  An ironbound preserver (Vaults:4)
  A demonspawn blood saint (Pan)
  A lorocyproca (Pan)
  A green death (Pan)
  A blizzard demon (Pan)
  A spriggan air mage (Pan)
  A merfolk aquamancer (Shoals:4)
  A deep elf pyromancer (Elf:2)
  A torpor snail (Spider:2)
  A smoke demon (Pan)
  A tengu conjurer (D:15)
  A culicivora (Spider:3)
  A ynoxinul (Pan)
  A water elemental (Elf:1)
  A redback (Spider:1)
  An orc wizard (Orc:2)
  A hell rat (Hell)
  A gnoll (D:10)
  3 orcs
  2 kobolds (D:7)
  14 starspawn tentacles
40 creatures vanquished.

Grand Total: 3538 creatures vanquished

Notes
Turn   | Place    | Note
-------+----------+-------------------------------------------
     0 | D:1      | nightchill the Minotaur Fighter began the quest for the
                  | Orb.
     0 | D:1      | Reached XP level 1. HP: 19/19 MP: 0/0
   203 | D:1      | Reached XP level 2. HP: 24/27 MP: 1/1
   813 | D:1      | Reached XP level 3. HP: 33/33 MP: 2/2
  1058 | D:2      | Reached XP level 4. HP: 41/41 MP: 3/3
  1155 | D:2      | Found a broken altar of Ashenzari.
  1428 | D:2      | Found a faded altar of an unknown god.
  1468 | D:2      | Prayed at the altar of an unknown god.
  1468 | D:2      | Became a worshipper of the Shining One
  1468 | D:2      | Reached * piety under the Shining One
  1777 | D:3      | Noticed a sky beast
  1787 | D:3      | Killed a sky beast
  1788 | D:3      | Reached skill level 5 in Fighting
  1788 | D:3      | Reached skill level 5 in Axes
  1788 | D:3      | Reached XP level 5. HP: 41/48 MP: 4/4
  1882 | D:3      | Found a glowing golden altar of the Shining One.
  2391 | D:3      | Noticed an air elemental
  2409 | D:3      | Found a stormy altar of Qazlal.
  2412 | D:3      | Noticed a water elemental
  2412 | D:3      | Noticed a fire elemental
  2898 | D:4      | Noticed Blork the orc
  2905 | D:4      | Killed Blork the orc
  2906 | D:4      | Reached XP level 6. HP: 32/57 MP: 5/5
  2991 | D:4      | Found a hide-covered altar of Uskayaw.
  3061 | D:4      | Found a snail-covered altar of Cheibriados.
  3061 | D:4      | Found an iron altar of Okawaru.
  3221 | D:4      | Found a sand-covered staircase.
  3226 | Ossuary  | Entered an ossuary
  3249 | Ossuary  | Reached XP level 7. HP: 63/63 MP: 6/6
  3263 | Ossuary  | Reached ** piety under the Shining One
  3371 | Ossuary  | Reached *** piety under the Shining One
  3588 | D:4      | Found a runed translucent door.
  3596 | D:4      | Noticed Yehuk's ghost (amateur GrMo)
  3671 | D:4      | Found a runed translucent door.
  3686 | D:4      | Killed Yehuk's ghost
  4039 | D:5      | Entered Level 5 of the Dungeon
  4121 | D:5      | Found a staircase to the Ecumenical Temple.
  4149 | D:5      | Reached XP level 8. HP: 64/73 MP: 7/7
  4193 | Temple   | Entered the Ecumenical Temple
  4222 | Temple   | Fell from the grace of the Shining One
  4222 | Temple   | Became a worshipper of Zin the Law-Giver
  4222 | Temple   | Reached * piety under Zin
  4222 | Temple   | Reached ** piety under Zin
  4271 | D:5      | Reached *** piety under Zin
  4325 | D:5      | Noticed Menkaure
  4646 | D:5      | Reached skill level 10 in Axes
  4840 | D:5      | Killed Menkaure
  4986 | D:5      | Found a sparkling altar of Nemelex Xobeh.
  5157 | D:5      | Found a shadowy altar of Dithmenos.
  5512 | D:6      | Reached XP level 9. HP: 82/82 MP: 8/8
  5699 | D:6      | Reached skill level 10 in Fighting
  6394 | D:6      | Found a basalt altar of Yredelemnul.
  6548 | D:7      | Reached XP level 10. HP: 88/94 MP: 9/9
  6928 | D:7      | Reached **** piety under Zin
  7214 | D:8      | Found Caehacwu's Book Boutique.
  7229 | D:8      | Noticed a moth of wrath
  7399 | D:8      | Found a sacrificial altar of Ru.
  7584 | D:8      | Reached skill level 15 in Axes
  7761 | D:8      | Noticed a fire crab
  7761 | D:8      | Found a staircase to the Lair.
  7774 | D:8      | HP: 7/144 [fire crab] (28)]
  7776 | D:8      | Killed a fire crab
  8953 | D:9      | Reached skill level 1 in Invocations
  9062 | D:9      | Noticed a two-headed ogre
  9080 | D:9      | Killed a two-headed ogre
  9081 | D:9      | Reached XP level 11. HP: 46/105 MP: 9/11
 10002 | D:10     | Entered Level 10 of the Dungeon
 10263 | D:10     | Noticed Erolcha
 10286 | D:10     | Reached skill level 5 in Shields
 10441 | Lair:1   | Entered Level 1 of the Lair of Beasts
 10829 | Lair:1   | Reached skill level 5 in Invocations
 11564 | Lair:1   | Reached ***** piety under Zin
 12203 | Lair:2   | Found a frozen archway.
 12362 | Lair:2   | Reached XP level 12. HP: 115/115 MP: 16/16
 12936 | Lair:2   | Noticed Nergalle
 12951 | Lair:2   | Killed Nergalle
 13336 | Lair:2   | Noticed a six-headed hydra
 13370 | Lair:2   | Killed a four-headed hydra
 13940 | Lair:3   | Found a hole to the Spider Nest.
 13981 | Lair:3   | Found a staircase to the Shoals.
 14071 | Lair:3   | Noticed a four-headed hydra
 14085 | Lair:3   | Killed a one-headed hydra
 14239 | Lair:3   | Noticed a six-headed hydra
 14247 | Lair:3   | Killed a one-headed hydra
 14337 | Lair:3   | Reached skill level 10 in Invocations
 14982 | Lair:4   | Noticed Urug
 14992 | Lair:4   | Killed Urug
 15022 | Lair:4   | Reached XP level 13. HP: 85/125 MP: 19/19
 15287 | Lair:4   | Found a staircase to the Slime Pits.
 15287 | Lair:4   | Found a viscous altar of Jiyva.
 15309 | Lair:4   | Noticed Kirke
 15359 | Lair:4   | Reached skill level 15 in Fighting
 15359 | Lair:4   | Killed Kirke
 15360 | Lair:4   | Reached skill level 10 in Shields
 15735 | Lair:4   | Identified the +0 pair of boots of Space {rF+ rN+ Dex+2}
 17009 | D:10     | Killed Erolcha
 17165 | D:10     | Identified the +0 barding of the Mantidfly {Dex+2}
 18551 | D:10     | Identified the +0 chain mail "Loateita" {Fly rC+++ Str-4
                  | Dex-4}
 19283 | D:11     | Reached XP level 14. HP: 137/137 MP: 22/22
 19410 | D:11     | You fall into a shaft and drop 3 floors!
 20203 | D:12     | Reached ****** piety under Zin
 20328 | D:12     | Found a staircase to the Orcish Mines.
 20850 | D:12     | Identified the +3 scale mail of Ennyzuwo {-Tele Harm Str+2}
 21096 | Orc:1    | Entered Level 1 of the Orcish Mines
 21190 | Orc:1    | Found a runed translucent gate.
 21190 | Orc:1    | Found a runed translucent gate.
 21190 | Orc:1    | Found a runed translucent gate.
 21194 | Orc:1    | Found an opulent altar of Gozag.
 21196 | Orc:1    | Noticed kernmantle's ghost (journeyman OpWn)
 21520 | Orc:1    | Paralysed by an orc sorcerer for 5 turns
 21740 | Orc:1    | Found a transporter.
 21740 | Orc:1    | Noticed Sonja
 21761 | Orc:1    | Killed Sonja
 21766 | Orc:1    | Found Nauf's Antique Armour Emporium.
 21771 | Orc:1    | Found a transporter.
 22105 | Orc:2    | Entered Level 2 of the Orcish Mines
 22322 | Orc:2    | Found Subisyox's Antique Weapon Shoppe.
 22393 | Orc:2    | Found a staircase to the Elven Halls.
 22403 | Orc:2    | Noticed Snorg
 22433 | Orc:2    | Killed Snorg
 22525 | Orc:2    | Noticed Saint Roka
 22602 | Orc:2    | Found Pidihihe's Jewellery Shop.
 22628 | Orc:2    | Found a shimmering altar of Xom.
 22691 | Orc:2    | Killed Saint Roka
 22917 | Orc:2    | Found Uluetan's Antique Weapon Boutique.
 23124 | Orc:2    | Paralysed by an orc sorcerer for 2 turns
 23383 | Orc:2    | Reached skill level 15 in Shields
 23410 | Orc:2    | Found Rigosh's Assorted Antiques.
 23410 | Orc:2    | Found Tieshe's Antique Weapon Emporium.
 23422 | Orc:2    | Found Hinag's Book Emporium.
 23422 | Orc:2    | Found Biesaomn's Antique Weapon Boutique.
 23483 | Orc:2    | Bought a ring of willpower for 275 gold pieces
 23483 | Orc:2    | Bought a ring of see invisible for 165 gold pieces
 23649 | Orc:1    | Bought a glowing scarf for 312 gold pieces
 23976 | Lair:5   | Entered Level 5 of the Lair of Beasts
 24416 | Lair:5   | Reached XP level 15. HP: 128/147 MP: 24/24
 24802 | Lair:5   | Reached skill level 5 in Armour
 25624 | Lair:5   | Found a burning altar of Makhleb.
 25659 | Lair:5   | Found a gateway to Hell.
 26755 | D:14     | Found a gate to the Vaults.
 27233 | D:15     | Entered Level 15 of the Dungeon
 27650 | D:15     | Found a blossoming altar of Fedhas.
 27978 | D:15     | Found a staircase to the Depths.
 29027 | Spider:1 | Entered Level 1 of the Spider Nest
 29044 | Spider:1 | Reached XP level 16. HP: 138/157 MP: 25/25
 29194 | Spider:1 | Identified a scroll of acquirement
 29195 | Spider:1 | Acquired the +0 plate armour "Ateizor Feil" {rElec rCorr
                  | Dex-3}
 29260 | Spider:1 | Noticed Louise
 29502 | Spider:1 | Killed Louise
 29722 | Spider:1 | Noticed Roxanne
 33460 | Spider:3 | Acquired a +0 pair of gloves of dexterity
 33618 | Spider:3 | Reached XP level 17. HP: 126/168 MP: 27/27
 34322 | Shoals:1 | Entered Level 1 of the Shoals
 34460 | Shoals:1 | Reached skill level 15 in Invocations
 34653 | Shoals:1 | Found Daiticso's Assorted Antiques.
 35309 | Shoals:2 | Found Gase's Jewellery Shop.
 36654 | Shoals:3 | Acquired the ring "Boabbeva" {Fly rPois Str+8 Dex+3}
 36989 | Shoals:3 | Found Poleani's Weapon Emporium.
 37240 | Spider:4 | Entered Level 4 of the Spider Nest
 38868 | Spider:4 | Got a gossamer rune of Zot
 39194 | Shoals:4 | Entered Level 4 of the Shoals
 39208 | Shoals:4 | Reached XP level 18. HP: 158/178 MP: 29/29
 39281 | Shoals:4 | Noticed Ilsuiw
 39600 | Shoals:4 | Noticed Donald
 39647 | Shoals:4 | Killed Donald
 40901 | Vaults:1 | Entered Level 1 of the Vaults
 41633 | Vaults:1 | Found a crumbling gateway.
 41731 | Vaults:1 | Paralysed by a formless jellyfish for 1 turns
 42397 | Vaults:1 | Reached skill level 10 in Armour
 42507 | Vaults:1 | Found Umeuqyle's Weapon Emporium.
 42574 | Vaults:1 | Bought 4 darts of dispersal for 72 gold pieces
 43817 | Vaults:2 | Reached XP level 19. HP: 98/189 MP: 31/31
 44992 | Vaults:2 | Found a staircase to the Crypt.
 46648 | Vaults:3 | Reached skill level 1 in Evocations
 46793 | Vaults:3 | Reached skill level 1 in Throwing
 47913 | Vaults:4 | Reached XP level 20. HP: 112/200 MP: 32/32
 47931 | Vaults:4 | Reached skill level 5 in Evocations
 48254 | Vaults:4 | Paralysed by a formless jellyfish for 1 turns
 48399 | Vaults:4 | Found Ene Xadgh's Book Boutique.
 49614 | Shoals:4 | Reached skill level 5 in Throwing
 50618 | Shoals:4 | Noticed Polyphemus
 50629 | Shoals:4 | Killed Polyphemus
 51285 | Elf:1    | Entered Level 1 of the Elven Halls
 51291 | Elf:1    | Paralysed by an air elemental for 1 turns
 51413 | Elf:1    | Noticed Azrael
 51429 | Elf:1    | Killed Azrael
 51592 | Elf:1    | Paralysed by an air elemental for 1 turns
 51767 | Elf:1    | Found Affibanga's Armour Shop.
 52043 | Elf:1    | Reached skill level 1 in Dodging
 52080 | Elf:1    | Acquired the +0 pair of gloves "Houdghas" {Str+4}
 53493 | Elf:2    | Found a runed translucent gate.
 53494 | Elf:2    | Found a runed translucent gate.
 53494 | Elf:2    | Found a runed translucent gate.
 53518 | Elf:2    | Found Yblioj's Book Emporium.
 53519 | Elf:2    | Found Ryewn's Jewellery Shop.
 53520 | Elf:2    | Found Ogguuvur's Book Emporium.
 53650 | Elf:2    | Found a flickering gateway to a bazaar.
 53674 | Bazaar   | Entered a bazaar
 53693 | Bazaar   | Found Xownah Moqoo's Assorted Antiques.
 53701 | Bazaar   | Bought a glowing broad axe for 98 gold pieces
 53754 | Bazaar   | Found Sieclap's Antique Weapon Shop.
 53763 | Bazaar   | Found Irghuo Dofar's Weapon Shoppe.
 53841 | Bazaar   | Found Orekeqiwkeh's Jewellery Shoppe.
 54958 | Shoals:4 | Killed Ilsuiw
 54959 | Shoals:4 | Reached XP level 21. HP: 172/209 MP: 27/34
 55516 | Shoals:4 | Identified the +0 trident "Jauwneat" {heavy, rPois rN+
                  | Int+3 Stlth+}
 55587 | Shoals:4 | Got the Octavo of the Transposed Dragon
 55753 | Shoals:4 | Got a barnacled rune of Zot
 56101 | Depths:1 | Entered Level 1 of the Depths
 58520 | Depths:2 | Reached skill level 10 in Evocations
 59023 | Depths:2 | Noticed a juggernaut
 59333 | Depths:2 | Killed a juggernaut
 60078 | Depths:2 | Noticed a caustic shrike
 60366 | Depths:2 | Killed a caustic shrike
 60369 | Depths:2 | Noticed a caustic shrike
 60388 | Depths:2 | Killed a caustic shrike
 60501 | Depths:2 | Identified the +4 chain mail "Riosh" {Rampage rElec Slay-3
                  | Stlth+}
 60612 | Depths:2 | Identified the ring "Beyna" {Wiz ^Drain +Blink rF+ Int+3}
 60761 | Depths:2 | Found a one-way gateway to a ziggurat.
 60790 | Depths:2 | Found a one-way gate to the infinite horrors of the Abyss.
 60790 | Depths:2 | Found a one-way gate leading to the halls of Pandemonium.
 60807 | Depths:2 | Identified the staff "Yzaef" {rN++ Earth}
 60818 | Depths:2 | Identified the +7 morningstar of the Trees {pain, ^Contam
                  | Str+5}
 60840 | Depths:2 | Reached XP level 22. HP: 207/220 MP: 35/35
 60924 | Depths:2 | Identified the +2 cloak of the Cricket {Str+5}
 62152 | Depths:2 | Reached skill level 15 in Armour
 62470 | Depths:3 | Noticed a golden dragon
 62485 | Depths:3 | Killed a golden dragon
 63634 | Depths:3 | Noticed a golden dragon
 63643 | Depths:3 | Killed a golden dragon
 64702 | Shoals:2 | Bought the ring "Voyvvaol" {rElec MP-9 Str+8 Int-2 SInv}
                  | for 363 gold pieces
 65255 | Depths:4 | Entered Level 4 of the Depths
 66203 | Depths:4 | Noticed a golden dragon
 66214 | Depths:4 | Killed a golden dragon
 66371 | Depths:4 | Noticed a golden dragon
 66384 | Depths:4 | Killed a golden dragon
 66671 | Depths:4 | Found a gate to the Realm of Zot.
 67100 | Crypt:1  | Entered Level 1 of the Crypt
 67343 | Crypt:1  | Reached XP level 23. HP: 232/232 MP: 37/37
 68199 | Crypt:2  | Noticed Xtahua
 68211 | Crypt:2  | Killed Xtahua
 68960 | Crypt:2  | Found a magical portal.
 69427 | Crypt:3  | Entered Level 3 of the Crypt
 70451 | Crypt:3  | Found a staircase to the Tomb.
 71151 | Crypt:3  | Found an ancient bone altar of Kikubaaqudgha.
 71444 | Crypt:3  | Identified the +10 long sword "Sakh" {antimagic, rElec rN+}
 71444 | Crypt:3  | Identified the +1 leather armour of the Sun {rF+ Stlth+}
 71446 | Crypt:3  | Noticed a dread lich
 71910 | Crypt:3  | Killed a dread lich
 72314 | Crypt:3  | Identified the +9 spear of Rifus {freeze, rPois Will- Str+2
                  | Stlth+}
 72696 | Elf:3    | Entered Level 3 of the Elven Halls
 73189 | Elf:3    | Found Gagisive's Armour Emporium.
 73189 | Elf:3    | Found Qousetom's Antique Weapon Shoppe.
 73193 | Elf:3    | Found Pummau's General Store.
 73338 | Elf:3    | Noticed Bai Suzhen
 73350 | Elf:3    | Killed Bai Suzhen
 73895 | Shoals:1 | Bought a pair of glowing boots for 262 gold pieces
 73895 | Shoals:1 | Bought a potion of might for 140 gold pieces
 73895 | Shoals:1 | Bought a phial of floods for 1400 gold pieces
 74857 | Abyss:2  | Cast into level 2 of the Abyss (a deep elf demonologist)
 75104 | Abyss:2  | Found a corrupted altar of Lugonu.
 75364 | Abyss:2  | Reached XP level 24. HP: 243/243 MP: 38/38
 75373 | Elf:3    | Escaped the Abyss
 75417 | Elf:3    | Identified the +9 glaive "Loxziso" {pain, rC+ Will+ Str-5
                  | Int+3}
 75639 | Elf:3    | Identified the +2 plate armour of Philately {Will+ Dex+5}
 76053 | Elf:3    | Identified the +2 robe of Dogma {-Cast Will+ rCorr}
 76057 | Elf:3    | Got the Enchiridion on the Petrous Panacea
 76069 | Elf:3    | Got the Anthology of Mighty Oxidation
 76188 | Elf:3    | Got the Thoughts on the Amassed Dragon
 76201 | Elf:3    | Got the Tome of the Prime Icicle
 76207 | Elf:3    | Got the Guidebook on Outbursts and the Caves
 76212 | Elf:3    | Identified the +5 orcbow "Sarcophage" {freeze, rN+ Str+6}
 76219 | Elf:3    | Identified the staff of Uskayaw, Forging {rC+ Str+4 Dex+3
                  | Tloc Ice}
 76313 | Elf:2    | Bought the amulet "Gakk" {RegenMP Will+} for 639 gold
                  | pieces
 76706 | Depths:2 | Voluntarily entered the Abyss.
 77461 | Depths:2 | Escaped the Abyss
 77752 | Depths:2 | Voluntarily entered the Abyss.
 78115 | Depths:2 | Escaped the Abyss
 78205 | Depths:2 | Voluntarily entered the Abyss.
 78666 | Depths:2 | Escaped the Abyss
 78722 | Depths:2 | Voluntarily entered the Abyss.
 78765 | Abyss:4  | Found a corrupted altar of Lugonu.
 78778 | Abyss:4  | Found a corrupted altar of Lugonu.
 78849 | Abyss:4  | Found a corrupted altar of Lugonu.
 78860 | Abyss:4  | Found a corrupted altar of Lugonu.
 78872 | Abyss:4  | Got an abyssal rune of Zot
 79004 | Depths:2 | Escaped the Abyss
 79414 | Vaults:5 | Entered Level 5 of the Vaults
 79444 | Vaults:5 | Reached XP level 25. HP: 172/255 MP: 29/38
 80316 | Vaults:5 | Noticed a dread lich
 80333 | Vaults:5 | Noticed a dread lich
 80532 | Vaults:4 | Killed a dread lich
 80558 | Vaults:4 | Killed a dread lich
 80786 | Vaults:5 | Identified the +3 falchion "Nofurr" {flame, rN+ Str+3}
 81187 | Vaults:5 | Reached skill level 27 in Fighting
 81453 | Vaults:5 | Found the +8 orange crystal plate armour {Archmagi, Int+3
                  | Clar}
 81625 | Vaults:5 | Found Luulamiss's Distillery.
 81985 | Vaults:5 | Got a silver rune of Zot
 81999 | Vaults:5 | Identified the +4 chain mail "Edgheughun" {rF+ rC+ Int+2}
 83151 | Slime:1  | Entered Level 1 of the Pits of Slime
 83318 | Slime:5  | Entered Level 5 of the Pits of Slime
 83677 | Slime:5  | Noticed the Royal Jelly
 83680 | Slime:5  | Was placed under penance by Zin
 83694 | Slime:5  | Found a viscous altar of Jiyva.
 84301 | Zot:1    | Entered Level 1 of the Realm of Zot
 85459 | Zot:1    | Reached XP level 26. HP: 245/266 MP: 39/39
 85807 | Zot:2    | Noticed wilo's ghost (master MfBe)
 85964 | Zot:2    | Reached skill level 27 in Invocations
 86061 | Zot:2    | Was forgiven by Zin
 86153 | Zot:2    | Reached skill level 15 in Evocations
 86311 | Zot:2    | Found a runed translucent door.
 87993 | Slime:5  | Was placed under penance by Zin
 88007 | Slime:5  | Killed the Royal Jelly
 88365 | Slime:5  | Identified the +3 long sword of the Tundras {venom, Will+}
 88367 | Slime:5  | Got a slimy rune of Zot
 88461 | Slime:5  | Was forgiven by Zin
 88467 | Slime:5  | Identified the +2 robe "Atoiruco" {Str+2 Dex+3}
 88553 | Slime:5  | Identified the +7 halberd of the Gloaming {chaos, rElec}
 88569 | Slime:5  | Identified the +7 broad axe of Descent {holy, Int+2}
 88573 | Slime:5  | Identified the +2 battleaxe of Darkness {vamp, rElec Will-
                  | Str+2 Dex+4}
 90309 | Zot:2    | Killed wilo's ghost
 90477 | Zot:2    | Identified the -2 hat "Oqeoxuin" {rElec}
 90629 | Zot:3    | Found the +4 dragonskin cloak
 90629 | Zot:3    | Noticed Tiamat
 91879 | Zot:3    | Killed Tiamat
 93797 | Zot:4    | Identified the scarf of Hithrunle {rC+ rF+, *Slow rN+
                  | Dex+3}
 94265 | Zot:5    | Entered Level 5 of the Realm of Zot
 94266 | Zot:5    | Noticed an ancient lich
 94509 | Zot:5    | Noticed an ancient lich
 94563 | Zot:5    | Found a transporter.
 94567 | Zot:5    | Noticed a dread lich
 94571 | Zot:5    | Noticed MrCrawl's ghost (master MiBe)
 94642 | Zot:5    | Reached XP level 27. HP: 229/273 MP: 39/39
 94790 | Zot:5    | Noticed an ancient lich
 94791 | Zot:5    | Noticed an ancient lich
 94795 | Zot:5    | Killed an ancient lich
 94882 | Zot:5    | Found a transporter.
 94913 | Zot:5    | Noticed an orb of fire
 94925 | Zot:5    | Killed an orb of fire
 94942 | Zot:5    | Noticed an orb of fire
 94963 | Zot:5    | Killed an orb of fire
 95104 | Zot:5    | Noticed a dread lich
 95109 | Zot:5    | Killed an ancient lich
 95417 | Zot:5    | Killed a dread lich
 95444 | Zot:5    | Noticed an orb of fire
 95458 | Zot:5    | Killed an orb of fire
 95460 | Zot:5    | Noticed an orb of fire
 95478 | Zot:5    | Killed an orb of fire
 96006 | Zot:5    | Noticed an ancient lich
 96011 | Zot:5    | Noticed an orb of fire
 96016 | Zot:5    | Killed an ancient lich
 96407 | Zot:5    | Killed an orb of fire
 97516 | Hell     | Entered the Vestibule of Hell
 97516 | Hell     | Noticed Geryon
 97532 | Hell     | Noticed Murray
 97533 | Hell     | Killed Geryon
 97599 | Hell     | Killed Murray
 98487 | Hell     | Found a gateway to the freezing wastes of Cocytus.
 98541 | Hell     | Found a gateway to the decaying netherworld of Tartarus.
 98575 | Hell     | Found a gateway to the ashen valley of Gehenna.
 98631 | Hell     | Found a gateway to the Iron City of Dis.
 99064 | Vaults:5 | Bought a potion of might for 64 gold pieces
 99064 | Vaults:5 | Bought a potion of heal wounds for 80 gold pieces
 99064 | Vaults:5 | Bought a potion of curing for 48 gold pieces
 99064 | Vaults:5 | Bought a potion of magic for 128 gold pieces
 99383 | Orc:1    | Killed kernmantle's ghost
 99754 | Pan      | Entered Pandemonium
100404 | Pan      | Noticed Lanic the pandemonium lord
100434 | Pan      | Killed Lanic the pandemonium lord
100633 | Pan      | Found an exit through the horrors of the Abyss.
102698 | Pan      | Noticed Cuxzegaz the pandemonium lord
102926 | Pan      | Killed Cuxzegaz the pandemonium lord
103069 | Pan      | Found an exit through the horrors of the Abyss.
104544 | Pan      | Noticed Ymocuh the pandemonium lord
104646 | Pan      | Killed Ymocuh the pandemonium lord
106408 | Pan      | Noticed Ymolur the pandemonium lord
106418 | Pan      | Killed Ymolur the pandemonium lord
107650 | Pan      | Reached skill level 27 in Armour
108196 | Pan      | Reached skill level 5 in Dodging
108351 | Pan      | Got a demonic rune of Zot
108364 | Pan      | Entered the realm of Mnoleg.
108511 | Pan      | Noticed Mnoleg
109374 | Pan      | Killed Mnoleg
109786 | Pan      | Gained mutation: You are weak. (Str -2) [a shining eye]
109830 | Pan      | Got a glowing rune of Zot
109971 | Pan      | Entered the realm of Lom Lobon.
109993 | Pan      | Got a magical rune of Zot
110000 | Pan      | Noticed Lom Lobon
110089 | Pan      | Found an exit through the horrors of the Abyss.
110244 | Pan      | Noticed Bohemur the pandemonium lord
110616 | Pan      | Entered the realm of Cerebov.
110800 | Pan      | Found an exit through the horrors of the Abyss.
110990 | Pan      | Reached skill level 27 in Shields
111483 | Pan      | Reached skill level 10 in Dodging
111653 | Pan      | Identified the ring of Liberty {rC+ EV+5}
112095 | Pan      | Found the +6 sword of Cerebov {flame}
112095 | Pan      | Noticed Cerebov
112113 | Pan      | Killed Cerebov
112162 | Pan      | Got a fiery rune of Zot
112441 | Pan      | Noticed Neyqem the pandemonium lord
112478 | Pan      | Killed Neyqem the pandemonium lord
112615 | Pan      | Entered the realm of Gloorx Vloq.
113104 | Pan      | Noticed Gloorx Vloq
113147 | Pan      | Killed Gloorx Vloq
113207 | Pan      | Got a dark rune of Zot
113511 | Depths:2 | Escaped Pandemonium
113811 | Zig:1    | Entered Level 1 of a ziggurat
113833 | Zig:2    | Entered Level 2 of a ziggurat
113836 | Zig:2    | Reached skill level 1 in Translocations
113857 | Zig:3    | Entered Level 3 of a ziggurat
113910 | Zig:4    | Entered Level 4 of a ziggurat
113927 | Zig:4    | Reached skill level 1 in Spellcasting
113976 | Zig:5    | Entered Level 5 of a ziggurat
114013 | Zig:6    | Entered Level 6 of a ziggurat
114043 | Zig:6    | Identified the +1 pair of gloves of Dustrine {rC+}
114060 | Zig:7    | Entered Level 7 of a ziggurat
114093 | Zig:7    | Identified the +4 whip of Upheaval {protect, rElec}
114130 | Zig:8    | Entered Level 8 of a ziggurat
114148 | Zig:8    | Reached skill level 5 in Translocations
114223 | Zig:8    | Identified the +8 great sword "Itwomoxt" {holy, rElec rF+}
114238 | Zig:8    | Identified the +0 shortbow "Giantbane" {elec, rElec rN+
                  | Int+4 Dex-5}
114243 | Zig:8    | Identified the +1 war axe "Osih" {freeze, rN+}
114248 | Zig:9    | Entered Level 9 of a ziggurat
114260 | Zig:9    | Found the +13 scythe of Curses {drain, curses, ^Drain}
114305 | Zig:9    | Learned a level 4 spell: Manifold Assault
114310 | Zig:9    | Learned a level 4 spell: Vhi's Electric Charge
114391 | Zig:9    | Identified the amulet "Eblenos" {Faith rN+ rCorr Str+4
                  | Slay+2}
114403 | Zig:9    | Identified the ring "Otenwurch" {Will+ Dex+6}
114439 | Zig:10   | Entered Level 10 of a ziggurat
114453 | Zig:10   | Found the +3 giant club "Skullcrusher" {speed, Str+7}
114474 | Zig:10   | Reached skill level 1 in Air Magic
114481 | Zig:10   | Got the Omnibus of Baleful Outbursts
115052 | Zot:5    | Got the Orb of Zot
115191 | Zot:4    | Noticed Siemit the pandemonium lord
115225 | Zot:2    | Noticed Quevocil the pandemonium lord
115272 | Depths:4 | Noticed Ysel the pandemonium lord
115697 | D:1      | Noticed Heop the pandemonium lord
115705 | D:$      | Escaped with the Orb!

Illustrated notes

Levels and vault maps discovered:
D:1:      sevenhm_arrival_forest_fort_small_5, layout_basic, minmay_cut_off
D:2:      kennysheep_six_static_rooms, layout_basic, basic_altar,
          hellmonk_ecumenical_altar_lost_god
D:3:      layout_basic, nicolae_qazlal_style_of_elements,
          mainiacjoe_overflow_concentric_impassable, minmay_door_square,
          minivault_27, kennysheep_generic_room_5
D:4:      layout_loops_ring, nicolae_uskayaw_dance_hall,
          mainiacjoe_overflow_large_starburst, ebering_ghost_sewer_f,
          enter_ossuary_2, minmay_misc_feat_secret_circle,
          hangedman_abyss_or_decor_stagger, uniq_blork_the_orc
D:5:      old_forge, layout_rooms, mainiacjoe_overflow_24_doors,
          mainiacjoe_overflow_surrounded_room, minmay_temple_entry_large_hall,
          uniq_menkaure
D:6:      layout_loops_ring, lemuel_mausoleum_altar_yredelemnul
D:7:      layout_cave_pools
D:8:      layout_basic, tgw_trog, nicolae_ru_the_path_less_chosen,
          minmay_lair_entry_lava, serial_shops, nicolae_shop_window_shopping,
          nicolae_figureground_sparkle
D:9:      layout_gridville
D:10:     bobbens_index_wilting_gardens, layout_cave_pools, serial_gnoll_camp,
          gnoll_camp_huts_moat, gnoll_camp_mini_hut, gnoll_camp_medium_02,
          gnoll_camp_mini_hut, uniq_erolcha
D:11:     layout_rooms
D:12:     layout_roguey, orc_0_dummy, serial_rivers,
          chequers_serial_rivers_large_b, chequers_serial_rivers_room_b,
          chequers_serial_rivers_micro_c, chequers_serial_rivers_small_b
D:13:     layout_roguey
D:14:     layout_cave_pods, david_vaults_5, hangedman_abyss_or_decor_passed
D:15:     hangedman_depths_entry_civil_slaughter, layout_layer_cave,
          fedhas_altar_fruit_tree
Temple:   nicolae_temple_godzebo
Lair:1:   layout_cave_pods
Lair:2:   layout_cave_pods, portal_ice_cave_entry_ice_simulacra, uniq_nergalle
Lair:3:   layout_regular_city, minmay_shoals_entry_centaurs,
          spider_nest_entry_web_field, fungi_pond_lemuel,
          chequers_serial_rivers_room_a
Lair:4:   layout_gridlike, slime_entry_1, serial_forest,
          infiniplex_forest_lined_1, infiniplex_forest_clump_diagonal,
          infiniplex_forest_lined_3_way, infiniplex_forest_join,
          infiniplex_forest_clump_small, infiniplex_forest_clump_small,
          infiniplex_forest_fountain, infiniplex_forest_clump_medium,
          st_stairs_10, cheibrodos_lair_lostbears, uniq_kirke, uniq_urug
Lair:5:   evil_forest, layout_regular_city
Shoals:1: layout_shoals, serial_shops, shop, nicolae_shoals_lost_giant_temple,
          ldierk_geyser
Shoals:2: layout_shoals, serial_shops, nicolae_shop_window_shopping
Shoals:3: layout_shoals, serial_shops, nicolae_shop_back_alley_shop
Shoals:4: shoals_end_grunt_ice, layout_shoals, shoals_ilsuiw_ice,
          hangedman_shoal_volcano, uniq_donald, uniq_polyphemus
Spider:1: layout_spider_delve, uniq_roxanne, uniq_louise
Spider:2: layout_spider_delve, nicolae_spider_circle_web
Spider:3: nicolae_spider_broodchamber, nicolae_spider_scorpion_nest
Spider:4: grunt_spider_rune_circles
Slime:1:  layout_caves
Slime:2:  layout_caves
Slime:3:  layout_caves, nicolae_slime_ancient_tower_intersection
Slime:4:  layout_caves, nicolae_slime_phagocytosis
Slime:5:  slime_pit_nicolae_inversion
Orc:1:    layout_caves, ebering_ghost_gozag, serial_shops,
          nicolae_shop_drivethru, elves_outpost_lemuel, uniq_sonja
Orc:2:    grunt_orc_tribal_feast, layout_diamond_mine, gauntlet_entry_generic,
          serial_shops, nicolae_shop_getting_attention,
          nicolae_shop_advertising_works [nicolae_subvault_shop_adworks], shop,
          basic_altar, uniq_saint_roka, uniq_snorg
Elf:1:    elf_arrival_001, layout_geoelf_octagon, serial_shops, shop,
          special_room [special_room_orc], nicolae_elf_crossing_hall,
          uniq_azrael
Elf:2:    nicolae_elf_blades_crystal_corner, layout_loops_cross, serial_shops,
          bzr_entry_safe, minmay_shop_grove
Elf:3:    minmay_elf_hall_furrowed, layout_geoelf_grid, minmay_shop_star,
          uniq_bai_suzhen
Vaults:1: portal_desolation_entry_salt, nicolae_vaults_mini_display_case,
          nicolae_vaults_apartment_1, v_misc_9, vaults_dpeg_diagonal,
          grunt_vaults_focal, vaults_room_mumra_shop_pool,
          nicolae_vaults_layer_cake_slice, v_misc_33, v_misc_31, v_misc_4,
          ontoclasm_vaults_eye, nicolae_vaults_storage_room_glass,
          layout_vaults_omnibox
Vaults:2: nicolae_vaults_double_plus_1, nicolae_vaults_hallways_thing,
          nicolae_vaults_network_periphery, minmay_crypt_entry_simple_box,
          nicolae_vaults_heist, v_rooms_6, ontoclasm_vaults_tryst,
          nicolae_vaults_c_with_doors, nicolae_vaults_diagonal_hallway_8,
          vaults_dpeg_emergency_exit, layout_vaults_omnicross
Vaults:3: ontoclasm_vaults_hangar, vaults_mumra_hexcomb, hangedman_vaults_nodes,
          vaults_room_pool, nicolae_vaults_weapon_check, v_misc_5, v_misc_29,
          nicolae_vaults_rhombus_5, v_misc_16, grunt_vaults_diagonal,
          vaults_room_fours, layout_vaults_quadrants
Vaults:4: hangedman_vaults_river_flow, nicolae_vaults_shelves_hall,
          hangedman_vaults_capsules, vaults_mumra_hex, v_misc_27,
          ontoclasm_vaults_chip, nicolae_vaults_tetromino_T_2,
          vaults_room_grunt_arrival_ludios, nicolae_vaults_apartment_1,
          layout_vaults_maze_bifur, serial_shops, shop
Vaults:5: serial_shops
Crypt:1:  layout_misc_corridors, grunt_crypt_arrival_guarded_gate,
          grunt_megastairs_4
Crypt:2:  layout_gridlike, mu_enter_wizlab_7, uniq_xtahua
Crypt:3:  evilmike_haunted_forest
Depths:1: kennysheep_scales, layout_gridlike, hell_entry, moated_statue,
          minivault_12, grunt_megastairs_3
Depths:2: box_level_dp, hell_entry, pan_entry, abyss_entry
Depths:3: grunt_house_of_mirrors, layout_cave_shapes,
          grunt_hell_entry_demonic_statue, minmay_misc_feat_room, abyss_entry
Depths:4: grunt_zot_entry_bicorn, layout_cave_shapes, hell_entry,
          grunt_megastairs_5
Hell
Zot:1:    layout_misc_corridors
Zot:2:    layout_twisted_circle, hellmonk_ghost_big_iron,
          regret_index_zotdec_carving_tricks
Zot:3:    layout_gridlike, lemuel_flame_loot_1, uniq_tiamat
Zot:4:    layout_gridlike, regret_index_zotdec_ex, st_large_dragon_hoard_2
Zot:5:    layout_gridlike, gammafunk_ghost_mausoleum

Skill      XL: |  1  2  3  4  5  6  7  8  9 10 11 12 13 14 15 16 17 18 19 20 21 22 23 24 25 26 27 |
---------------+----------------------------------------------------------------------------------+-----
Axes           | 3 4 5 6 7 9 11 14 16 18 | 18.0
Fighting       | 4 5 6 7 8 10 12 13 14 16 17 18 19 20 21 22 23 24 25 26 27 | 27.0
Invocations    | 2 7 10 12 13 14 16 18 19 20 21 22 24 25 26 27 | 27.0
Shields        | 4 7 9 12 15 17 19 21 22 27 | 27.0
Armour         | 4 7 8 11 12 14 16 18 19 20 23 27 | 27.0
Evocations     | 4 8 11 12 13 14 17 22 | 22.6
Throwing       | 3 6 |  6.0
Dodging        | 3 4 14 | 14.6
Translocations | 7 |  7.0
Spellcasting   | 2 |  2.9
Air Magic      | 2 |  2.0

Action                     |  1- 3 |  4- 6 |  7- 9 | 10-12 | 13-15 | 16-18 | 19-21 | 22-24 | 25-27 || total
---------------------------+-------+-------+-------+-------+-------+-------+-------+-------+-------++-------
  Melee: War axe           |    83 |    96 |   291 |   507 |  1224 |   210 |       |       |       ||  2411
         Headbutt          |    10 |    17 |    56 |   115 |   294 |   387 |   408 |   471 |   965 ||  2723
         Unarmed           |       |       |       |       |     7 |       |       |       |       ||     7
         Broad axe         |       |       |       |       |     8 |  1170 |  1413 |  1624 |  3097 ||  7312
  Throw: Dart              |       |       |       |    15 |    14 |     3 |     7 |       |     1 ||    40
         Throwing net      |       |       |       |     1 |     1 |       |     3 |       |     4 ||     9
         Javelin           |       |       |       |       |       |       |       |       |    19 ||    19
   Cast: Manifold Assault  |       |       |       |       |       |       |       |       |     1 ||     1
 Invoke: Recite            |       |       |     2 |    11 |    60 |    49 |    56 |    80 |   152 ||   410
         Imprison          |       |       |     1 |       |     3 |    10 |    12 |    10 |    19 ||    55
         Vitalisation      |       |       |     2 |     8 |    30 |    47 |    29 |    24 |    76 ||   216
         Sanctuary         |       |       |       |       |       |     3 |     1 |     1 |    11 ||    16
Ability: Evoke Blink       |       |       |       |       |       |       |       |     1 |     3 ||     4
  Evoke: Wand              |       |       |       |       |     7 |       |       |     2 |    15 ||    24
         Phantom mirror    |       |       |       |       |       |       |       |     2 |     7 ||     9
         Sack of spiders   |       |       |       |       |       |       |       |     1 |     1 ||     2
         Phial of floods   |       |       |       |       |       |       |       |     1 |     2 ||     3
         Lightning rod     |       |       |       |       |       |       |       |       |     6 ||     6
    Use: Scroll            |     2 |     4 |     7 |    15 |    10 |     9 |    18 |     5 |    24 ||    94
         Potion            |       |       |     3 |     2 |     3 |     5 |     7 |     2 |    53 ||    75
   Stab: Invisible         |       |       |       |     1 |     7 |     2 |     6 |       |    17 ||    33
         Held in net/web   |       |       |       |     1 |       |     2 |     1 |       |     4 ||     8
         Paralysed         |       |       |       |       |    26 |     2 |     3 |     8 |    19 ||    58
         Confused          |       |       |       |       |    24 |    18 |    28 |    26 |    34 ||   130
         Distracted        |       |       |       |       |       |       |       |     1 |       ||     1
 Armour: Scale mail        |    56 |    34 |       |       |       |       |       |       |       ||    90
         Chain mail        |       |    19 |   170 |    63 |       |       |       |       |       ||   252
         Plate armour      |       |       |       |   189 |   467 |   597 |   446 |   110 |   101 ||  1910
         Skin              |       |       |       |       |     1 |       |       |       |       ||     1
         Gold dragon scale |       |       |       |       |       |       |       |   352 |   161 ||   513
         Crystal plate arm |       |       |       |       |       |       |       |       |  1142 ||  1142
  Dodge: Dodged            |    42 |    24 |    59 |    81 |   119 |   134 |   140 |   138 |   493 ||  1230
  Block: Buckler           |    13 |     3 |       |       |       |       |       |       |       ||    16
         Kite shield       |       |    21 |    97 |   395 |   336 |       |       |       |       ||   849
         Reflection        |       |       |     1 |     9 |    64 |   109 |   130 |    37 |       ||   350
         Tower shield      |       |       |       |       |  1013 |  2048 |  1502 |  1606 |  3364 ||  9533
         Other             |       |       |       |       |     2 |       |       |       |       ||     2
